 Dungeon Crawl Stone Soup version 0.25.0-26-g0c896c7088 (webtiles) character file.

Game seed: 9213662714807724894

35 MisterFreud the Insei (level 3, -1/29 HPs)
             Began as a Demonspawn Abyssal Knight on July 5, 2020.
             Was a Follower of Lugonu.
             Killed from afar by Sigmund (10 damage)
             ... with a magic dart
             ... on level 2 of the Dungeon.
             The game lasted 00:01:27 (1014 turns).

MisterFreud the Insei (Demonspawn Abyssal Knight)   Turns: 1014, Time: 00:01:28

Health: -1/29      AC:  5    Str: 12    XL:     3   Next: 17%
Magic:  4/4        EV: 12    Int: 14    God:    Lugonu [*.....]
Gold:   63         SH:  0    Dex: 12    Spells: 2/2 levels left

rFire    . . .     SeeInvis .     - Unarmed
rCold    . . .     Gourm    .   (no shield)
rNeg     . . .     Faith    .   d - +0 ring mail
rPois    .         Spirit   .   (no helmet)
rElec    .         Reflect  .   (no cloak)
rCorr    .         Harm     .   (no gloves)
MR       .....                  (no boots)
Stlth    +.........             (no amulet)
HPRegen  0.09/turn              (no ring)
MPRegen  0.09/turn              (no ring)

@: mighty
A: repulsion field 1, rot immunity
a: Depart the Abyss, Renounce Religion


You were on level 2 of the Dungeon.
You worshipped Lugonu.
Lugonu was aware of your devotion.
You were not hungry.

You visited 1 branch of the dungeon, and saw 2 of its levels.
You visited the Abyss 1 time.

You collected 63 gold pieces.

Inventory:

Missiles
 c - 43 poisoned darts (quivered)
 g - 7 javelins
Armour
 d - a +0 ring mail (worn)
Potions
 e - a potion of curing
 h - a potion of ambrosia {unknown}
 i - a potion of resistance {unknown}
 j - a potion of heal wounds {unknown}
Comestibles
 b - 3 rations


   Skills:
 - Level 3.0 Fighting
 - Level 1.7 Armour
 - Level 0.8 Dodging
 + Level 3.3 Unarmed Combat
 - Level 2.4 Invocations


You had 2 spell levels left.
You didn't know any spells.
Your spell library contained the following spells:

 Spells                   Type           Power        Failure   Level  Hunger
 Corona                   Hex            #......      54%         1    ##.....
 Ensorcelled Hibernation  Hex/Ice        #.....       67%         2    ###....
 Confusing Touch          Hex            #.......     88%         3    ####...
 Dazzling Flash           Conj/Hex       #.....       88%         3    ####...
 Tukima's Dance           Hex            #.......     88%         3    ####...


Dungeon Overview and Level Annotations

Branches:
Dungeon (1/15)

Altars:

Annotations:
D:2 Sigmund


Innate Abilities, Weirdness & Mutations

You are surrounded by a mild repulsion field. (EV +2)
You are immune to rotting.


Message History

You closely miss Sigmund. The bat misses you.
You hit Sigmund.
Sigmund is lightly wounded.
The bat closely misses you. Sigmund hits you with a +0 scythe.
You are too injured to fight recklessly!
Unknown command.
You aren't carrying any items that you can evoke.
Unknown command.
Unknown command.
It was a potion of curing.
You feel better. The bat barely misses you. Sigmund hits you with a +0 scythe!
It was a potion of might.
You feel very mighty all of a sudden. The bat barely misses you. x2
You completely miss Sigmund.
Sigmund is lightly wounded.
The bat barely misses you. Sigmund casts a spell at you.
The magic dart hits you!
You die...

### ##### ..## ##...##
##...##
...###.....###.....##
(...#...[...#...[...#
....#.......#.......#
....#.......#.......#
...###.....###.....#
..## ##...## #@b.#
'#######'#######@##..#
....................#
........(...........#
....................#
'#######'#######+####
..## ##...##
...###..)..##
....#.......#
....#.......#


You could see Sigmund and a bat.

Vanquished Creatures
  2 adders (D:2)
  A dart slug (D:2)
  A giant cockroach (D:1)
  3 goblins (D:1)
  A hobgoblin (D:1)
  4 bats (D:1)
  2 kobolds
  2 rats
16 creatures vanquished.

Notes
Turn   | Place    | Note
-------+----------+-------------------------------------------
     0 | Abyss:1  | MisterFreud the Demonspawn Abyssal Knight began the quest
                  | for the Orb.
     0 | Abyss:1  | Reached XP level 1. HP: 18/18 MP: 2/2
    11 | D:1      | Escaped the Abyss
   359 | D:1      | Gained mutation: You are surrounded by a mild repulsion
                  | field. (EV +2) [demonic ancestry]
   359 | D:1      | Reached XP level 2. HP: 24/24 MP: 3/3
   484 | D:1      | You fall into a shaft and drop 1 floor!
   657 | D:2      | Gained mutation: You are immune to rotting. [demonic
                  | ancestry]
   657 | D:2      | Reached XP level 3. HP: 12/29 MP: 4/4
  1008 | D:2      | Noticed Sigmund
  1014 | D:2      | Killed from afar by Sigmund

Illustrated notes

Levels and vault maps discovered:
D:1:      minmay_arrival_up_and_down, layout_loops_ring
D:2:      kennysheep_six_static_rooms, layout_basic, uniq_sigmund

Skill      XL: |  1  2 |
---------------+-------+-----
Unarmed Combat | 2 3 |  3.3
Fighting       | |  3.0
Armour         | |  1.7
Dodging        | |  0.8
Invocations    | |  2.4

Action                   || total
-------------------------++-------
Melee: Unarmed           ||    72
  Use: Potion            ||     2
 Stab: Sleeping          ||     1
Armor: Leather armour    ||    16
Dodge: Dodged            ||    49
